 Dungeon Crawl Stone Soup version 0.23.2-1-ga50397a (webtiles) character file.

Game seed: 13494099152993927868

116 wilfster70 the Grave Robber (level 5, 0/37 HPs)
             Began as a Gnoll Necromancer on May 6, 2019.
             Slain by a bullfrog skeleton (2 damage)
             ... on level 3 of the Dungeon.
             The game lasted 00:06:10 (2838 turns).

wilfster70 the Grave Robber (Gnoll Necromancer)     Turns: 2838, Time: 00:06:11

Health: 0/37       AC:  3    Str: 10    XL:     5   Next: 0%
Magic:  6/12       EV: 14    Int: 18    God:
Gold:   133        SH:  0    Dex: 16    Spells: 9/14 levels left

rFire    + . .     SeeInvis .   a - +0 dagger
rCold    x . .     Gourm    .   (no shield)
rNeg     . . .     Faith    .   l - +0 leather armour
rPois    .         Spirit   .   (no helmet)
rElec    .         Reflect  .   (no cloak)
rCorr    .         Harm     .   (no gloves)
MR       .....                  (no boots)
Stlth    ++........             (no amulet)
HPRegen  1.12/turn              h - ring of attention (curse)
MPRegen  0.13/turn              m - ring of fire

@: regenerating
A: distributed training, fangs 1, strong nose
a: no special abilities


You were on level 3 of the Dungeon.
You were very hungry.

You visited 1 branch of the dungeon, and saw 3 of its levels.

You collected 133 gold pieces.

Inventory:

Hand Weapons
 a - a +0 dagger (weapon)
Missiles
 f - 19 sling bullets
 g - 27 stones (quivered)
Armour
 b - a +0 shield
 d - a +0 robe
 l - a +0 leather armour (worn)
Jewellery
 h - a cursed ring of attention (left hand)
 m - a ring of fire (right hand)
Scrolls
 i - 3 scrolls of identify
 k - 2 scrolls of remove curse {unknown}
 o - a scroll of blinking {unknown}
 p - a scroll of amnesia {unknown}
Potions
 e - 2 potions of resistance {unknown}
 j - a potion of brilliance {unknown}
 n - a potion of mutation {unknown}
 q - a potion of lignification {unknown}
 r - a potion of might {unknown}
 t - a potion of berserk rage {unknown}
Comestibles
 c - 7 rations
 s - a chunk of flesh


   Skills:
 + Level 1.2 Fighting
 + Level 1.2 Short Blades
 + Level 1.2 Long Blades
 + Level 1.2 Axes
 + Level 1.2 Maces & Flails
 + Level 1.2 Polearms
 + Level 1.2 Staves
 + Level 1.2 Slings
 + Level 1.2 Bows
 + Level 1.2 Crossbows
 + Level 1.2 Throwing
 + Level 1.2 Armour
 + Level 4.7 Dodging
 + Level 4.3 Stealth
 + Level 1.2 Shields
 + Level 1.2 Unarmed Combat
 + Level 5.1 Spellcasting
 + Level 1.0 Conjurations
 + Level 1.0 Hexes
 + Level 1.0 Charms
 + Level 1.0 Summonings
 + Level 7.1 Necromancy
 + Level 1.0 Translocations
 + Level 1.0 Transmutations
 + Level 1.0 Fire Magic
 + Level 1.0 Ice Magic
 + Level 1.0 Air Magic
 + Level 1.0 Earth Magic
 + Level 1.0 Poison Magic
 + Level 1.4 Invocations
 + Level 1.2 Evocations


You had 9 spell levels left.
You knew the following spells:

 Your Spells              Type           Power        Failure   Level  Hunger
a - Pain                  Necr           ####         1%          1    None
b - Animate Skeleton      Necr           N/A          1%          1    None
g - Regeneration          Chrm/Necr      ###.......   10%         3    ##.....

Your spell library contained the following spells:

 Spells                   Type           Power        Failure   Level  Hunger
 Vampiric Draining        Necr           ####......   2%          3    ##.....
 Animate Dead             Necr           N/A          9%          4    ####...


Dungeon Overview and Level Annotations

Branches:
Dungeon (3/15)

Altars:

Annotations:
D:3 Jessica


Innate Abilities, Weirdness & Mutations

Your experience applies equally to all skills.
You have very sharp teeth.
Your uncanny sense of smell can sniff out nearby items.


Message History

The bullfrog skeleton is almost destroyed.
The bullfrog skeleton hits you. x2
* * * LOW HITPOINT WARNING * * *
You hit the bullfrog skeleton.
You bite the bullfrog skeleton, but do no damage.
The bullfrog skeleton is almost destroyed.
The bullfrog skeleton barely misses you.
You barely miss the bullfrog skeleton.
The bullfrog skeleton is almost destroyed.
The bullfrog skeleton hits you.
* * * LOW HITPOINT WARNING * * *
Casting: Regeneration (safe; 10% risk of failure)
Confirm with . or Enter, or press ? or * to list all spells.
Your skin crawls.
You are feeling very hungry.
The bullfrog skeleton hits you.
* * * LOW HITPOINT WARNING * * *
The bullfrog skeleton closely misses you.
The bullfrog skeleton hits you.
You die...

#.#.#...# #.#..)..#
#.##....####
#.##........
#.###..##### #)#
#.>..... ######### #.#
#.######
.$......########.# #.#
.........Z@......# #.#
........########## #.#
............... #.#
...$.....#......#∆ #.#
.........#......# #.#
.........#......# #.#
.........#......# #.#
.........#......#∆##.#
........S#......#.##.#


You could see a bullfrog skeleton.

Vanquished Creatures
  An orc priest (D:3)
  3 adders (D:2)
  An ooze (D:3)
  A worm (D:3)
  3 dart slugs
  3 orcs (D:3)
  3 bats
  6 goblins
  5 hobgoblins
  4 jackals (D:3)
  3 frilled lizards
  7 kobolds
  5 rats
45 creatures vanquished.

Notes
Turn   | Place    | Note
-------+----------+-------------------------------------------
     0 | D:1      | wilfster70 the Gnoll Necromancer began the quest for the
                  | Orb.
     0 | D:1      | Reached XP level 1. HP: 13/13 MP: 6/6
   548 | D:1      | Reached XP level 2. HP: 13/19 MP: 1/7
   677 | D:1      | Learned a level 1 spell: Animate Skeleton
  1317 | D:2      | Found a faded altar of an unknown god.
  1407 | D:2      | Reached skill level 5 in Spellcasting
  1407 | D:2      | Reached XP level 3. HP: 20/25 MP: 3/9
  1426 | D:2      | Learned a level 3 spell: Regeneration
  1852 | D:2      | Reached skill level 1 in Invocations
  2202 | D:2      | Reached skill level 1 in Fighting
  2202 | D:2      | Reached skill level 1 in Short Blades
  2202 | D:2      | Reached skill level 1 in Long Blades
  2202 | D:2      | Reached skill level 1 in Axes
  2202 | D:2      | Reached skill level 1 in Maces & Flails
  2202 | D:2      | Reached skill level 1 in Polearms
  2202 | D:2      | Reached skill level 1 in Staves
  2202 | D:2      | Reached skill level 1 in Slings
  2202 | D:2      | Reached skill level 1 in Bows
  2202 | D:2      | Reached skill level 1 in Crossbows
  2202 | D:2      | Reached skill level 1 in Throwing
  2202 | D:2      | Reached skill level 1 in Armour
  2202 | D:2      | Reached skill level 1 in Shields
  2202 | D:2      | Reached skill level 1 in Unarmed Combat
  2202 | D:2      | Reached skill level 1 in Evocations
  2202 | D:2      | Reached XP level 4. HP: 32/32 MP: 8/11
  2348 | D:3      | Reached skill level 1 in Conjurations
  2348 | D:3      | Reached skill level 1 in Hexes
  2348 | D:3      | Reached skill level 1 in Charms
  2348 | D:3      | Reached skill level 1 in Summonings
  2348 | D:3      | Reached skill level 1 in Translocations
  2348 | D:3      | Reached skill level 1 in Transmutations
  2348 | D:3      | Reached skill level 1 in Fire Magic
  2348 | D:3      | Reached skill level 1 in Ice Magic
  2348 | D:3      | Reached skill level 1 in Air Magic
  2348 | D:3      | Reached skill level 1 in Earth Magic
  2348 | D:3      | Reached skill level 1 in Poison Magic
  2631 | D:3      | Noticed Jessica
  2819 | D:3      | Reached XP level 5. HP: 27/37 MP: 10/12
  2837 | D:3      | HP: 1/37 [bullfrog skeleton (4)]
  2838 | D:3      | Slain by a bullfrog skeleton

Skill      XL: |  1  2  3  4 |
---------------+-------------+-----
Spellcasting   | 5 |  5.1
Invocations    | 1 |  1.4
Fighting       | 1 |  1.2
Short Blades   | 1 |  1.2
Long Blades    | 1 |  1.2
Axes           | 1 |  1.2
Maces & Flails | 1 |  1.2
Polearms       | 1 |  1.2
Staves         | 1 |  1.2
Slings         | 1 |  1.2
Bows           | 1 |  1.2
Crossbows      | 1 |  1.2
Throwing       | 1 |  1.2
Armour         | 1 |  1.2
Shields        | 1 |  1.2
Unarmed Combat | 1 |  1.2
Evocations     | 1 |  1.2
Conjurations   | 1 |  1.0
Hexes          | 1 |  1.0
Charms         | 1 |  1.0
Summonings     | 1 |  1.0
Translocations | 1 |  1.0
Transmutations | 1 |  1.0
Fire Magic     | 1 |  1.0
Ice Magic      | 1 |  1.0
Air Magic      | 1 |  1.0
Earth Magic    | 1 |  1.0
Poison Magic   | 1 |  1.0
Dodging        | |  4.7
Stealth        | |  4.3
Necromancy     | |  7.1

Action                   |  1- 3 |  4- 6 || total
-------------------------+-------+-------++-------
Melee: Dagger            |    67 |    31 ||    98
       Unarmed           |     1 |       ||     1
       Bite              |     9 |     6 ||    15
 Cast: Pain              |    27 |    24 ||    51
       Animate Skeleton  |     2 |       ||     2
       Regeneration      |       |     2 ||     2
  Use: Scroll            |     4 |       ||     4
 Stab: Sleeping          |     1 |     1 ||     2
  Eat: Chunk             |     4 |     1 ||     5
Armor: Robe              |     2 |       ||     2
       Leather armour    |     9 |     5 ||    14
Dodge: Dodged            |    54 |    30 ||    84
